 Dungeon Crawl Stone Soup version 0.30-a0-739-gea05faddec (webtiles) character file.

Game seed: 1501616435056036399

1654 bande the Chopper (level 9, -1/55 HPs)
             Began as a Gargoyle Fighter on Feb 5, 2023.
             Killed from afar by a starcursed mass (11 damage)
             ... with an accursed screaming
             ... on level 1 of the Abyss.
             The game lasted 00:09:21 (5965 turns).

bande the Chopper (Gargoyle Fighter)                Turns: 5965, Time: 00:09:21

Health: -1/55      AC: 19    Str: 20    XL:     9   Next: 0%
Magic:  9/9        EV:  7    Int:  9    God:
Gold:   326        SH:  5    Dex: 13    Spells: 8/8 levels left

rFire   . . .      SeeInvis .    a - +1 war axe
rCold   . . .      Faith    .    c - +0 buckler
rNeg    + . .      Spirit   .    e - +0 chain mail
rPois   ∞          Reflect  .    f - +1 helmet
rElec   +          Harm     .    h - scarf {+Inv}
rCorr   .          Rampage  .    (no gloves)
Will    .....                    o - +0 pair of boots Stlth
                                 (no amulet)
HPRegen 0.29/turn                (no ring)
MPRegen 0.11/turn                (no ring)

@: no status effects
A: sickness immunity, AC +6, negative energy resistance 1, electricity
resistance, torment resistance 1, petrification resistance
a: Evoke Invisibility


You were on level 1 of the Abyss.
You visited 1 branch of the dungeon, and saw 6 of its levels.
You visited the Abyss 1 time.

You collected 326 gold pieces.

Inventory:

Hand Weapons
 a - a +1 war axe (weapon)
 k - a +0 flail
Missiles
 j - 2 throwing nets (quivered)
Armour
 c - a +0 buckler (worn)
 e - a +0 chain mail (worn)
 f - a +1 helmet (worn)
 h - a scarf of invisibility (worn)
 n - a +1 leather armour of cold resistance
 o - a +0 pair of boots (worn)
Wands
 m - a wand of mindburst (18)
Scrolls
 p - a scroll of identify
Potions
 b - a potion of resistance
 d - a potion of might
 g - 7 potions of curing
 i - a potion of ambrosia
 l - a potion of berserk rage {unknown}


   Skills:
 + Level 6.2 Fighting
 + Level 7.6 Axes
 + Level 5.7 Armour
 + Level 4.9 Shields
 * Level 1.4 Evocations


You had 8 spell levels left.
You didn't know any spells.
Your spell library contained the following spells:

 Spells                   Type           Power      Damage    Failure   Level
 Ignite Poison            Fire/Tmut/Pois 0%         N/A       100%        3
 Kindle Blastsparks       Fire/Tloc/Air  0%         2d10      100%        3
 Freezing Cloud           Conj/Ice/Air   0%         6-21      100%        5


Dungeon Overview and Level Annotations

Branches:
Dungeon (6/15)
 Temple: D:4-7

Altars:
Kikubaaqudgha
Nemelex Xobeh
Wu Jian
Zin
The Shining One

Annotations:
D:6 Eustachio, Maggie


Innate Abilities, Weirdness & Mutations

You are immune to sickness and miasma.
Your stone body is resilient. (AC +6)
You are immune to poison.
You resist negative energy. (rN+)
You are resistant to electric shocks. (rElec)
You are resistant to unholy torment.
You are immune to petrification.


Message History

A tentacled starspawn comes into view.
A thrashing horror comes into view.
The thrashing horror moves out of view.
A starcursed mass comes into view.
A starcursed mass splits.
Tentacles burst from the starspawn's body! 2 starspawn tentacles come into view.
A starcursed mass splits.
The starspawn tentacle grabs you. The starspawn tentacle constricts you.
You escape the starspawn tentacle's grasp.
The starspawn tentacle grabs you. The starspawn tentacle constricts you.
The starspawn tentacle loses its grip on you.
The tentacle pulls you backwards!
A starspawn tentacle segment comes into view.
You barely miss the starspawn tentacle.
You hit the starspawn tentacle but do no damage.
You hit the tentacled starspawn but do no damage.
The starspawn tentacle grabs you. The starspawn tentacle constricts you.
The tentacled starspawn bites you but does no damage.
The tentacled starspawn tentacle-slaps you but does no damage.
You escape the starspawn tentacle's grasp.
The tentacled starspawn attacks as you move away!
The tentacled starspawn bites you but does no damage.
The tentacled starspawn tentacle-slaps you but does no damage.
A starcursed mass splits.
A chorus of shrieks assaults your mind. The starspawn tentacle grabs you.
The starspawn tentacle constricts you.
A starcursed mass splits.
You escape the starspawn tentacle's grasp.
A starcursed mass splits.
The tentacled starspawn bites you!!
The tentacled starspawn tentacle-slaps you but does no damage.
The starspawn tentacle grabs you. The starspawn tentacle constricts you.
A starcursed mass splits.
You escape the starspawn tentacle's grasp.
A starcursed mass splits.
A deafening chorus of shrieks assaults your mind!
* * * LOW HITPOINT WARNING * * *
A starcursed mass splits.
A deafening chorus of shrieks assaults your mind!
You die...

#.. #...# ##.#
##.## .
##...###...## # #.
#.....#.....#X.#
#..........XXX..#
..#..###XXX.###..X
...#.X..### #
#.#w.#.# .
#.@#.#..#
#.##.###..# .. ###
.## ## .# #.


You could see 6 starcursed masses, a tentacled starspawn and a starspawn
tentacle.

Vanquished Creatures
  Grinder (D:3)
  Edmund (D:4)
  A water moccasin (D:5)
  A black bear (D:3)
  A sky beast (D:6)
  An ogre (D:4)
  2 scorpions
  2 howler monkeys (D:5)
  2 hounds (D:5)
  A jelly (D:5)
  2 orc priests
  Jessica (D:2)
  6 iguanas
  7 orc wizards
  Robin (D:3)
  7 adders
  8 gnolls
  An ufetubus (D:5)
  A dart slug (D:4)
  17 orcs
  7 ball pythons
  4 bats
  5 endoplasms
  3 giant cockroaches
  13 hobgoblins
  2 quokkas
  5 frilled lizards
  12 goblins
  5 kobolds
  2 rats (D:1)
122 creatures vanquished.

Vanquished Creatures (others)
  A fungus (D:1)
  A starspawn tentacle (Abyss:1)
2 creatures vanquished.

Grand Total: 124 creatures vanquished

Notes
Turn   | Place    | Note
-------+----------+-------------------------------------------
     0 | D:1      | bande the Gargoyle Fighter began the quest for the Orb.
     0 | D:1      | Reached XP level 1. HP: 14/14 MP: 1/1
   284 | D:1      | Reached XP level 2. HP: 19/19 MP: 2/2
   409 | D:1      | Found a faded altar of an unknown god.
   667 | D:1      | You fall into a shaft and drop 1 floor!
  1109 | D:1      | Reached skill level 2 in Axes
  1109 | D:1      | Reached XP level 3. HP: 19/24 MP: 3/3
  1681 | D:2      | Reached XP level 4. HP: 28/29 MP: 4/4
  1726 | D:2      | Found an ornate altar of the Wu Jian Council.
  1875 | D:2      | Reached skill level 3 in Axes
  1881 | D:2      | Reached XP level 5. HP: 25/33 MP: 5/5
  2148 | D:2      | Noticed Jessica
  2157 | D:2      | Killed Jessica
  2376 | D:3      | Found a glowing silver altar of Zin.
  2571 | D:3      | Found a glowing golden altar of the Shining One.
  2620 | D:3      | Found an ancient bone altar of Kikubaaqudgha.
  2674 | D:3      | Found an ornate altar of the Wu Jian Council.
  2842 | D:3      | Reached XP level 6. HP: 38/38 MP: 6/6
  3275 | D:3      | Noticed Grinder
  3277 | D:3      | Noticed Robin
  3277 | D:3      | Noticed a black bear
  3287 | D:3      | Killed Robin
  3288 | D:3      | Reached skill level 4 in Axes
  3290 | D:3      | Killed a black bear
  3317 | D:3      | Paralysed by Grinder for 2 turns
  3319 | D:3      | Killed Grinder
  3320 | D:3      | Reached skill level 5 in Axes
  3320 | D:3      | Reached XP level 7. HP: 18/44 MP: 7/7
  3841 | D:4      | Reached skill level 5 in Fighting
  3847 | D:4      | Noticed Edmund
  3860 | D:4      | Killed Edmund
  3861 | D:4      | Reached skill level 6 in Axes
  3861 | D:4      | Reached XP level 8. HP: 45/49 MP: 8/8
  4133 | D:4      | Reached skill level 5 in Armour
  4608 | D:5      | Entered Level 5 of the Dungeon
  4627 | D:5      | Found a sparkling altar of Nemelex Xobeh.
  4938 | D:5      | Reached skill level 7 in Axes
  5780 | D:5      | Reached skill level 1 in Evocations
  5836 | D:6      | Reached XP level 9. HP: 52/55 MP: 9/9
  5914 | D:6      | Noticed Maggie
  5916 | D:6      | Noticed Eustachio
  5923 | Abyss:1  | Cast into level 1 of the Abyss (Maggie)
  5953 | Abyss:1  | Noticed a tentacled starspawn
  5954 | Abyss:1  | Noticed a thrashing horror
  5955 | Abyss:1  | Noticed a starcursed mass
  5965 | Abyss:1  | Killed from afar by a starcursed mass

Illustrated notes

Levels and vault maps discovered:
D:1:      spicycebolla_arrival_transporter_tutorial, layout_loops_ring,
          shapermc_ecumenical_altar_petra
D:2:      layout_loops_ring, basic_altar, uniq_jessica
D:3:      layout_basic, mainiacjoe_overflow_catwalk, nzn_wu_jian_contemplation,
          tso_metal_star, nicolae_kikubaaqudgha_miasma_corner,
          wander_ebering_terrifying_dragon_lair, uniq_robin, uniq_grinder
D:4:      layout_basic, uniq_edmund
D:5:      layout_gridville, mainiacjoe_overflow_brackets
D:6:      layout_loops_ring, lemuel_round_altar, serial_shops, kennysheep_mini,
          nicolae_benzene_ring, uniq_maggie, uniq_eustachio, uniq_pikel
Abyss:1:  base:
D:3

Skill      XL: |  1  2  3  4  5  6  7  8 |
---------------+-------------------------+-----
Axes           | 2 3 5 6 7 |  7.6
Armour         | 4 5 |  5.7
Fighting       | 4 5 6 |  6.2
Shields        | 4 |  4.9
Evocations     | 1 |  1.4

Action                     |  1- 3 |  4- 6 |  7- 9 || total
---------------------------+-------+-------+-------++-------
  Melee: War axe           |    65 |   117 |   211 ||   393
    Use: Scroll            |       |     6 |     5 ||    11
 Armour: Scale mail        |     4 |       |       ||     4
         Chain mail        |    52 |    94 |   156 ||   302
  Dodge: Dodged            |    38 |    49 |    77 ||   164
  Block: Buckler           |    19 |    26 |    41 ||    86

Table legend: (Time is in decaauts)
 A = Elapsed time spent in this place.
 B = Non-inter-level travel time spent in this place.
 C = Inter-level travel time spent in this place.
 D = Time resting spent in this place.
 E = Time spent auto-exploring this place.
 F = Levels seen in this place.
 G = Mean time per level.
                   A        B        C        D        E       F      G
               +--------+--------+--------+--------+--------+-----+--------+
         Total |   6089 |   5764 |    325 |   1224 |   3340 |   7 |  869.9 |
       Dungeon |   6047 |   5722 |    325 |   1224 |   3340 |   6 | 1007.8 |
         Abyss |     42 |     42 |      0 |      0 |      0 |   1 |   42.0 |
               +--------+--------+--------+--------+--------+-----+--------+

Top non-repeatable levels by time:
     D:1: 1632 daAuts
     D:3: 1238 daAuts
     D:5: 1191 daAuts
     D:4: 1043 daAuts
     D:2: 789 daAuts
     D:6: 151 daAuts
 Abyss:1: 42 daAuts
